 Dungeon Crawl Stone Soup version 0.23.1 (webtiles) character file.

Game seed: 0

14985 night the Grappler (level 11, -4/78 HPs)
             Began as a Demonspawn Fighter on Mar 5, 2019.
             Was an Elder of Cheibriados.
             Slain by a five-headed hydra (8 damage)
             ... on level 4 of the Lair of Beasts.
             The game lasted 00:33:59 (14444 turns).

night the Grappler (Demonspawn Fighter)            Turns: 14444, Time: 00:33:59

Health: -4/78      AC:  8    Str: 28    XL:     11   Next: 95%
Magic:  16/16      EV: 11    Int: 21    God:    Cheibriados [****..]
Gold:   592        SH: 17    Dex: 23    Spells: 10/10 levels left

rFire    + . .     SeeInvis .     - Unarmed
rCold    + . .     Gourm    .   b - +0 shield
rNeg     . . .     Faith    .   a - +0 scale mail
rPois    .         Spirit   .   (helmet unavailable)
rElec    .         Reflect  +   (no cloak)
rCorr    .         Harm     .   (no gloves)
MR       .....                  (no boots)
Stlth    +.........             s - +4 amulet of reflection
HPRegen  0.23/turn              B - ring of protection from fire
MPRegen  0.15/turn              E - +3 ring of evasion

@: lethally poisoned (-4 -> -15), very slow
A: horns 3, rugged brown scales 2, cold resistance 1
a: Bend Time, Temporal Distortion, Slouch, Renounce Religion


You were on level 4 of the Lair of Beasts.
You worshipped Cheibriados.
Cheibriados was greatly pleased with you.
You were not hungry.

You visited 3 branches of the dungeon, and saw 15 of its levels.
You also visited: Sewer.

You collected 592 gold pieces.

Inventory:

Hand Weapons
 m - a +1 hunting sling
Missiles
 e - 432 stones (quivered)
 k - 30 sling bullets
Armour
 a - a +0 scale mail (worn)
 b - a +0 shield (worn)
Magical Staves
 C - an uncursed staff of air
Jewellery
 i - a +4 ring of dexterity
 l - an uncursed ring of protection from cold
 s - a +4 amulet of reflection (around neck)
 y - an uncursed ring of wizardry
 B - a ring of protection from fire (left hand)
 E - a +3 ring of evasion (right hand)
 L - an uncursed ring of protection from fire
Wands
 v - a wand of iceblast (13)
 D - a wand of paralysis (13)
 H - a wand of digging (2)
 I - a wand of flame (29)
Scrolls
 g - a scroll of identify
 n - 7 scrolls of enchant armour
 r - a scroll of blinking {unknown}
 u - 3 scrolls of enchant weapon
 x - 5 scrolls of remove curse
 A - a scroll of magic mapping
 G - a scroll of immolation {unknown}
Potions
 c - 2 potions of might
 f - 4 potions of haste
 h - 4 potions of curing
 j - 4 potions of agility
 o - 3 potions of flight
 q - 2 potions of brilliance
 t - 3 potions of degeneration
 w - 4 potions of mutation
 z - 3 potions of magic
 F - a potion of invisibility
 M - a potion of lignification {unknown}
 N - a potion of heal wounds
Miscellaneous
 K - a phial of floods
Comestibles
 d - 17 rations


   Skills:
 - Level 3.0 Fighting
 - Level 2.6 Armour
 - Level 7.8 Shields
 * Level 14.9 Unarmed Combat
 * Level 7.0 Invocations


You had 10 spell levels left.
You didn't know any spells.
Your spell library contained the following spells:

 Spells                   Type           Power        Failure   Level  Hunger
 Corona                   Hex            #......      69%         1    ##.....
 Infusion                 Chrm           #...         69%         1    ##.....
 Shroud of Golubria       Chrm/Tloc      #.........   83%         2    ###....
 Slow                     Hex            #.......     83%         2    ###....
 Song of Slaying          Chrm           #.......     83%         2    ###....
 Inner Flame              Hex/Fire       #.......     96%         3    ####...
 Portal Projectile        Hex/Tloc       #.....       96%         3    ####...
 Regeneration             Chrm/Necr      #.........   96%         3    ####...
 Spectral Weapon          Hex/Chrm       #.......     96%         3    ####...
 Cause Fear               Hex            #.........   100%        4    #####..
 Leda's Liquefaction      Hex/Erth       #.........   100%        4    #####..
 Irradiate                Conj/Tmut      #.........   100%        5    ######.
 Hydra Form               Tmut           #.........   100%        6    #######
 Statue Form              Tmut/Erth      #........    100%        6    #######
 Dragon Form              Tmut           #.........   100%        7    #######


Dungeon Overview and Level Annotations

Branches:
Dungeon (11/15)            Temple (1/1) D:5            Lair (2/6) D:11
 Spider (0/4) Lair:2          Orc (0/2) D:9
  Swamp: Lair:2-4    Shoals: Lair:2-4

Altars:
Ashenzari
Cheibriados
Dithmenos
Elyvilon
Fedhas
Gozag
Hepliaklqana
Kikubaaqudgha
Makhleb
Nemelex Xobeh
Okawaru
Qazlal
Ru
Sif Muna
Trog
Uskayaw
Vehumet
Wu Jian
Xom
Yredelemnul
Zin
The Shining One

Shops:
D:7 }

Portals:
Trove: D:11 (give 3 potions of resistance)

Annotations:
D:5 1 runed translucent door, Kairos's ghost, novice VSFi
D:11 3 runed translucent doors, DildoBatman's ghost, journeyman OpWz


Innate Abilities, Weirdness & Mutations

You have a pair of large horns on your head.
You are mostly covered in rugged brown scales. (AC +2, +5% HP)
Your flesh is cold resistant. (rC+)


Message History

The five-headed hydra bites you!
* * * LOW HITPOINT WARNING * * *
You feel much better.
You feel sick. The black mamba bites you. You block the black mamba's attack.
The five-headed hydra barely misses you.
The five-headed hydra bites you.
* * * LOW HITPOINT WARNING * * *
The five-headed hydra bites you!
* * * LOW HITPOINT WARNING * * *
The five-headed hydra closely misses you.
The five-headed hydra completely misses you.
As you read the scroll labeled FINIBUR BAGYFORR, it crumbles to dust.
You feel aware of your surroundings.
It was a scroll of magic mapping.
* * * LOW HITPOINT WARNING * * *
You feel sick. The black mamba bites you.
* * * LOW HITPOINT WARNING * * *
The five-headed hydra bites you but does no damage. x2
You block the five-headed hydra's attack. x2
The five-headed hydra bites you!
You die...

*,**,#......##...P.#......#**,*,*
****,,*#....##...##.......##.,,,,
***,,,##.....#...............,,,,
,,,,,,#.....รท.....P#......#.,,,,,
*,*.........##.....F......#*,,,,,
**#...##....(..F..#........#*,,,*
* #P.,*#.......P.###......#..,,,*
**#.,*,#....##)S##.#.........,,,,
,,.,,,.........D@............,,,,
*****.##...P#.####.##.P#.###P***,
* ***#######* **####### ****,* ***


You could see a five-headed hydra, a black mamba and a blink frog.

Vanquished Creatures
  Erica (D:10)
  A manticore (D:7)
  Joseph (D:8)
  Maurice (D:10)
  A gargoyle (D:11)
  Psyche (D:7)
  3 komodo dragons
  3 trolls
  A merfolk (D:9)
  A hornet (D:8)
  5 hippogriffs
  5 blink frogs (Lair:4)
  A centaur simulacrum (D:10)
  Sigmund (D:3)
  A wyvern (D:8)
  10 yaks
  A hungry ghost (D:10)
  Menkaure (D:4)
  3 porcupines (Lair:1)
  4 orc warriors
  3 sky beasts
  2 black bears
  4 ice beasts
  2 eyes of draining
  5 ogres
  A phantom (D:11)
  6 wolves
  5 centaurs
  4 crocodiles
  2 big kobolds
  9 bullfrogs
  3 scorpions
  4 killer bees (D:11)
  3 wights (D:8)
  A howler monkey (D:11)
  An electric eel (D:10)
  3 jellies
  A centaur zombie (D:9)
  4 crimson imps
  4 hounds
  A gnoll shaman (D:6)
  8 orc priests
  7 orc wizards
  A bullfrog skeleton (D:8)
  Terence (D:3)
  Natasha (thrice) (D:3)
  2 iguanas
  8 worker ants
  A hound zombie (D:9)
  2 hound skeletons
  Robin (D:3)
  2 killer bee simulacra (D:10)
  2 worker ant zombies
  5 adders
  8 gnolls
  A river rat (Sewer)
  2 hound simulacra (D:10)
  2 shadow imps
  A white imp (D:10)
  An adder skeleton (D:4)
  2 worms (D:2)
  3 dart slugs (D:1)
  5 leopard geckos
  24 orcs
  2 ball pythons
  4 bats
  6 giant cockroaches
  17 goblins
  9 hobgoblins
  10 jackals
  11 kobolds
  5 quokkas
  4 frilled lizards
  A jackal skeleton (D:6)
  A leopard gecko skeleton (D:4)
  A quokka zombie (D:8)
  10 rats
287 creatures vanquished.

Vanquished Creatures (collateral kills)
  Sonja (D:10)
  A troll (D:10)
2 creatures vanquished.

Vanquished Creatures (others)
  A yak (D:10)
  A fungus (Lair:4)
  A plant (Lair:4)
3 creatures vanquished.

Grand Total: 292 creatures vanquished

Notes
Turn   | Place    | Note
-------+----------+-------------------------------------------
     0 | D:1      | night the Demonspawn Fighter began the quest for the Orb.
     0 | D:1      | Reached XP level 1. HP: 18/18 MP: 1/1
   113 | D:1      | Reached skill level 2 in Unarmed Combat
   208 | D:1      | Gained mutation: You have a pair of small horns on your
                  | head. [demonic ancestry]
   208 | D:1      | Reached XP level 2. HP: 24/24 MP: 2/2
   412 | D:1      | Reached skill level 3 in Unarmed Combat
  1103 | D:2      | Found a radiant altar of Vehumet.
  1127 | D:2      | Reached XP level 3. HP: 29/29 MP: 3/3
  1760 | D:3      | Noticed Terence
  1761 | D:3      | Noticed Robin
  1769 | D:3      | Killed Terence
  1769 | D:3      | Reached skill level 4 in Unarmed Combat
  1769 | D:3      | Gained mutation: You have a pair of horns on your head.
                  | [demonic ancestry]
  1769 | D:3      | Reached XP level 4. HP: 30/35 MP: 4/4
  1971 | D:3      | Killed Robin
  2089 | D:3      | Noticed Natasha
  2108 | D:3      | Killed Natasha
  2108 | D:3      | Reached XP level 5. HP: 3/41 MP: 5/5
  2184 | D:3      | Noticed Natasha
  2192 | D:3      | Killed Natasha
  2192 | D:3      | Reached skill level 5 in Unarmed Combat
  2382 | D:3      | Noticed Natasha
  2391 | D:3      | Killed Natasha
  2689 | D:3      | Noticed Sigmund
  3020 | D:4      | Gained mutation: Your flesh is cold resistant. (rC+)
                  | [demonic ancestry]
  3020 | D:4      | Reached XP level 6. HP: 44/47 MP: 6/6
  3167 | D:4      | Reached skill level 6 in Unarmed Combat
  3528 | D:4      | Noticed Menkaure
  3534 | D:4      | Killed Menkaure
  3630 | D:3      | Reached skill level 7 in Unarmed Combat
  3630 | D:3      | Gained mutation: You are partially covered in rugged brown
                  | scales. (AC +1, +3% HP) [demonic ancestry]
  3630 | D:3      | Reached XP level 7. HP: 37/53 MP: 7/7
  3768 | D:3      | Killed Sigmund
  4161 | D:5      | Entered Level 5 of the Dungeon
  4232 | D:5      | Reached skill level 8 in Unarmed Combat
  4439 | D:5      | Found an iron altar of Okawaru.
  4546 | D:5      | Found a glowing drain.
  4555 | Sewer    | Entered a sewer
  4669 | Sewer    | Found a white marble altar of Elyvilon.
  4771 | D:5      | Gained mutation: You are mostly covered in rugged brown
                  | scales. (AC +2, +5% HP) [demonic ancestry]
  4771 | D:5      | Reached XP level 8. HP: 36/60 MP: 8/8
  4889 | D:5      | Found a staircase to the Ecumenical Temple.
  4917 | Temple   | Entered the Ecumenical Temple
  5048 | Temple   | Became a worshipper of Cheibriados the Contemplative
  5373 | D:5      | Found a bloodstained altar of Trog.
  5472 | D:5      | Found a runed translucent door.
  5473 | D:5      | Noticed Kairos's ghost (novice VSFi)
  5562 | D:6      | Reached skill level 9 in Unarmed Combat
  5866 | D:6      | Reached * piety under Cheibriados
  5866 | D:6      | Reached skill level 10 in Unarmed Combat
  6159 | D:6      | Gained mutation: You have a pair of large horns on your
                  | head. [demonic ancestry]
  6159 | D:6      | Reached XP level 9. HP: 60/66 MP: 9/9
  6478 | D:7      | Reached skill level 11 in Unarmed Combat
  6591 | D:7      | Found a sparkling altar of Nemelex Xobeh.
  6694 | D:7      | Noticed a manticore
  6702 | D:7      | Killed a manticore
  6702 | D:7      | Reached ** piety under Cheibriados
  6987 | D:7      | Found Ingyr's Gadget Shop.
  7131 | D:8      | Noticed Joseph
  7131 | D:8      | Noticed Psyche
  7141 | D:7      | Killed Psyche
  7578 | D:8      | Noticed a troll
  7695 | D:7      | Killed a troll
  7695 | D:7      | Reached skill level 12 in Unarmed Combat
  7834 | D:8      | Killed Joseph
  8052 | D:8      | Reached skill level 5 in Shields
  8056 | D:8      | Reached XP level 10. HP: 70/73 MP: 10/10
  8191 | D:8      | Found a hide-covered altar of Uskayaw.
  8201 | D:8      | Found a white marble altar of Elyvilon.
  8364 | D:8      | Paralysed by a hornet for 1 turns
  8820 | D:8      | Reached *** piety under Cheibriados
  8901 | D:9      | Found a staircase to the Orcish Mines.
  9211 | D:9      | Reached skill level 13 in Unarmed Combat
  9535 | D:10     | Entered Level 10 of the Dungeon
  9704 | D:10     | Noticed Sonja
  9921 | D:10     | Killed Sonja
  9927 | D:10     | Reached **** piety under Cheibriados
  9956 | D:10     | Noticed Maurice
 10294 | D:10     | Killed Maurice
 10453 | D:10     | Noticed Erica
 10463 | D:10     | Killed Erica
 10463 | D:10     | Reached XP level 11. HP: 37/78 MP: 5/11
 10794 | D:10     | Reached skill level 14 in Unarmed Combat
 11661 | D:11     | Found a portal to a secret trove of treasure.
 11683 | D:11     | Found a runed translucent gate.
 11683 | D:11     | Noticed a purple ugly thing
 11684 | D:11     | Noticed a minotaur
 11782 | D:11     | Found a basalt altar of Yredelemnul.
 11983 | D:11     | Reached skill level 1 in Invocations
 12019 | D:11     | Got a crude quarterstaff
 12130 | D:11     | Found a staircase to the Lair.
 12157 | D:11     | Noticed DildoBatman's ghost (journeyman OpWz)
 12177 | D:11     | Found a runed translucent gate.
 12177 | D:11     | Found a runed translucent gate.
 12291 | Lair:1   | Entered Level 1 of the Lair of Beasts
 13354 | Lair:1   | Reached skill level 5 in Invocations
 13923 | Lair:2   | Found a hole to the Spider Nest.
 13926 | Lair:2   | You fall through a shaft for 2 floors!
 14399 | Lair:4   | Noticed a five-headed hydra
 14444 | Lair:4   | Slain by a five-headed hydra

Skill      XL: |  1  2  3  4  5  6  7  8  9 10 11 |
---------------+----------------------------------+-----
Unarmed Combat | 2 3 4 5 7 8 10 12 13 14 | 14.9
Shields        | 5 7 |  7.8
Invocations    | 7 |  7.0
Fighting       | |  3.0
Armour         | |  2.6

Action                   |  1- 3 |  4- 6 |  7- 9 | 10-12 || total
-------------------------+-------+-------+-------+-------++-------
Melee: Unarmed           |   134 |   158 |   309 |   360 ||   961
       Headbutt          |    19 |    36 |    77 |   125 ||   257
Invok: Slouch            |       |       |       |     3 ||     3
Evoke: Wand              |       |       |       |     8 ||     8
       Phial of floods   |       |       |       |     1 ||     1
  Use: Potion            |       |     8 |     1 |     8 ||    17
       Scroll            |       |     3 |       |    10 ||    13
 Stab: Distracted        |       |       |       |     1 ||     1
  Eat: Chunk             |     3 |     6 |     7 |    11 ||    27
       Ration            |       |       |     1 |       ||     1
Armor: Scale mail        |    71 |    50 |    85 |    77 ||   283
Dodge: Dodged            |    31 |    41 |    63 |    89 ||   224
Block: Shield            |    52 |    81 |   185 |   298 ||   616
       Reflection        |       |       |    16 |    11 ||    27
